 Dungeon Crawl Stone Soup version 0.28.0-53-g5a82cb258f (webtiles) character file.

Game seed: 17682151886851101084

1536 Kranky the Fighter (level 8, -12/61 HPs)
             Began as an Octopode Fighter on June 20, 2022.
             Was a Follower of Okawaru.
             Killed by divine providence
             ... invoked by an orc priest
              (15 damage)
             ... on level 7 of the Dungeon.
             The game lasted 00:10:50 (6403 turns).

Kranky the Fighter (Octopode Fighter)               Turns: 6403, Time: 00:10:50

Health: -12/61     AC:  5    Str: 16    XL:     8   Next: 86%
Magic:  8/8        EV: 15    Int: 10    God:    Okawaru [*.....]
Gold:   348        SH:  5    Dex: 13    Spells: 7/7 levels left

rFire   + . .      SeeInvis .   s - +0 demon trident (flame)
rCold   + . .      Faith    .   b - +0 buckler
rNeg    . . .      Spirit   .   (helmet restricted)
rPois   .          Reflect  .   (no amulet)
rElec   .          Harm     .   l - ring of protection from cold
rCorr   .          Rampage  .   r - +4 ring of protection
Will    .....                   B - ring of protection from fire
Stlth   +++.......              (no ring)
HPRegen 0.20/turn               (no ring)
MPRegen 0.11/turn               (no ring)
                                (no ring)
                                (no ring)

@: no status effects
A: almost no armour, amphibious, 8 rings, camouflage 1, gelatinous body 1,
(nimble swimmer 1), tentacles
a: Renounce Religion, Heroism


You were on level 7 of the Dungeon.
You worshipped Okawaru.
Okawaru was aware of your devotion.
You visited 2 branches of the dungeon, and saw 8 of its levels.

You collected 348 gold pieces.

Inventory:

Hand Weapons
 a - a +0 flail
 s - a +0 demon trident of flaming (weapon)
Missiles
 z - 16 poisoned darts (quivered)
 A - a throwing net
Armour
 b - a +0 buckler (worn)
Jewellery
 i - an amulet of faith
 l - a ring of protection from cold (left tentacle)
 r - a +4 ring of protection (right tentacle)
 w - a ring of fire
 B - a ring of protection from fire (on tentacle)
Wands
 D - a wand of iceblast (8)
Scrolls
 d - 5 scrolls of identify {unknown}
 g - 2 scrolls of noise {unknown}
 h - a scroll of enchant weapon {unknown}
 m - a scroll of immolation {unknown}
 o - 2 scrolls of magic mapping {unknown}
 p - 3 scrolls of vulnerability {unknown}
 q - a scroll of blinking {unknown}
 u - a scroll of enchant armour {unknown}
 y - 2 scrolls of fear {unknown}
 C - a scroll of amnesia {unknown}
Potions
 c - a potion of might
 e - a potion of lignification {unknown}
 f - 2 potions of curing {unknown}
 j - a potion of resistance {unknown}
 k - a potion of ambrosia {unknown}
 n - a potion of cancellation {unknown}
 t - a potion of heal wounds {unknown}
 v - 3 potions of degeneration {unknown}
 x - a potion of magic {unknown}


   Skills:
 - Level 8.0 Fighting
 - Level 2.0 Maces & Flails
 - Level 3.6 Polearms
 + Level 5.9 Dodging
 - Level 3.0 Stealth
 + Level 4.8 Shields


You had 7 spell levels left.
You didn't know any spells.
Your spell library contained the following spells:

 Spells                   Type           Power      Damage    Failure   Level
 Slow                     Hex            0%         N/A       43%         1
 Freezing Cloud           Conj/Ice/Air   0%         6-21      100%        5
 Polar Vortex             Ice            0%         N/A       100%        9
 Simulacrum               Ice/Necr       Unusable   N/A       N/A         6

Dungeon Overview and Level Annotations

Branches:
Dungeon (7/15)             Temple (1/1) D:5

Altars:
Ashenzari
Cheibriados
Dithmenos
Fedhas
Kikubaaqudgha
Nemelex Xobeh
Okawaru
Qazlal
Ru
Sif Muna
Trog
Uskayaw
Vehumet
Xom
Yredelemnul
Zin
The Shining One


Innate Abilities, Weirdness & Mutations

You cannot wear most types of armour.
You are amphibious.
You can wear up to eight rings at the same time.
Your skin changes colour to match your surroundings (Stealth+).
Your rubbery body absorbs attacks. (AC +1, EV +1)
((You are camouflaged when in or above water. (Stealth+)))
You have tentacles for arms and can constrict up to eight enemies at once.


Message History

You constrict the orc. The orc hits you with a +0 flail.
You hit the orc. You burn the orc.
You kill the orc!
Okawaru accepts your kill.
The orc priest begins to cast a cantrip, but forgets the words!
You hit the gnoll. You burn the gnoll. You grab the gnoll.
The gnoll is heavily wounded.
You constrict the gnoll. The gnoll barely misses you.
The gnoll shaman calls upon its god to heal the gnoll.
The gnoll is healed somewhat.
The gnoll hits you with a +0 club.
You puncture the gnoll! You burn the gnoll.
You kill the gnoll!
Okawaru accepts your kill.
The orc priest casts a cantrip, but nothing happens.
You hit the gnoll shaman but do no damage.
Your grab misses the gnoll shaman.
You squeeze the gnoll shaman, but do no damage.
The gnoll shaman is moderately wounded.
The orc priest invokes the aid of Beogh against you.
Beogh smites you! The gnoll shaman barely misses you.
The gnoll barely misses you.
You puncture the gnoll shaman! You burn the gnoll shaman.
You kill the gnoll shaman!
Okawaru accepts your kill. The gnoll barely misses you.
You hit the orc priest. You burn the orc priest.
Your grab misses the orc priest.
The orc priest is moderately wounded.
The gnoll hits you from afar with a +0 spear.
The orc priest hits you with a +0 flail.
* * * LOW HITPOINT WARNING * * *
The gnoll hits you from afar with a +0 halberd!
* * * LOW HITPOINT WARNING * * *
The orc priest hits you with a +0 flail.
* * * LOW HITPOINT WARNING * * *
The gnoll hits you from afar with a +0 spear.
* * * LOW HITPOINT WARNING * * *
The orc priest mumbles some strange prayers to Beogh against you.
Beogh smites you!
You die...

... ..#..# #..#.####.#
#.#..##
..........#####......
##..#.####............
...................##
#.####.##.......# # #.#
#..........#
..##.##.######..##..####
........##..g)g........
....##@##.###..##..###.
.........o.# #..)).†....
.....#...#.# #.###).####
..## #...#.# #.# #..#
#...#.# #.# #..# #...#.#
#g# #..# ....#.# #.#
#..# ..#..... g.. ....
...#.##.# #. #.##


You could see an orc priest.

Vanquished Creatures
  Grinder (D:5)
  Menkaure (D:7)
  An ogre (D:6)
  A phantom (D:4)
  A centaur (D:6)
  A kobold brigand (D:6)
  A bullfrog (D:7)
  2 gnoll sergeants (D:6)
  3 scorpions
  2 centaur zombies (D:6)
  2 hounds
  2 jellies (D:5)
  A centaur skeleton (D:7)
  An iguana (D:5)
  A gnoll shaman (D:7)
  An orc wizard (D:6)
  A howler monkey zombie (D:6)
  11 gnolls
  5 adders
  A white imp (D:5)
  A worm (D:2)
  A dart slug (D:1)
  14 orcs
  3 endoplasms
  3 giant cockroaches
  3 goblins
  6 hobgoblins
  4 jackals (D:1)
  4 quokkas
  5 ball pythons
  3 bats
  6 frilled lizards
  13 kobolds
  5 rats
111 creatures vanquished.

Notes
Turn   | Place    | Note
-------+----------+-------------------------------------------
     0 | D:1      | Kranky the Octopode Fighter began the quest for the Orb.
     0 | D:1      | Reached XP level 1. HP: 16/16 MP: 1/1
    22 | D:1      | Reached skill level 1 in Stealth
    33 | D:1      | Reached XP level 2. HP: 18/21 MP: 2/2
   270 | D:1      | Found a faded altar of an unknown god.
   290 | D:1      | Got Plato's Grimoire of Beguiling
   424 | D:1      | Reached XP level 3. HP: 16/26 MP: 3/3
  1504 | D:3      | Reached skill level 4 in Fighting
  1538 | D:3      | Reached XP level 4. HP: 33/33 MP: 4/4
  2036 | D:3      | Found a hide-covered altar of Uskayaw.
  2584 | D:4      | Noticed a phantom
  2675 | D:4      | Reached skill level 5 in Fighting
  2772 | D:4      | Reached XP level 5. HP: 39/39 MP: 5/5
  3396 | D:4      | Killed a phantom
  3397 | D:4      | Reached XP level 6. HP: 26/46 MP: 6/6
  3549 | D:5      | Entered Level 5 of the Dungeon
  3554 | D:5      | Found a bloodstained altar of Trog.
  3554 | D:5      | Found a stormy altar of Qazlal.
  3646 | D:5      | Found a blossoming altar of Fedhas.
  3867 | D:5      | Found a snail-covered altar of Cheibriados.
  3907 | D:5      | Noticed Grinder
  3920 | D:5      | Killed Grinder
  3921 | D:5      | Reached skill level 6 in Fighting
  3921 | D:5      | Reached skill level 1 in Polearms
  3921 | D:5      | Reached XP level 7. HP: 53/53 MP: 7/7
  4082 | D:5      | Found a staircase to the Ecumenical Temple.
  4120 | Temple   | Entered the Ecumenical Temple
  4461 | D:6      | Reached skill level 7 in Fighting
  4793 | D:6      | Reached XP level 8. HP: 60/60 MP: 8/8
  5634 | D:6      | Found a glowing golden altar of the Shining One.
  5805 | D:6      | Found an iron altar of Okawaru.
  5857 | D:6      | Became a worshipper of Warmaster Okawaru
  6084 | D:7      | Noticed Menkaure
  6091 | D:7      | Killed Menkaure
  6092 | D:7      | Reached skill level 8 in Fighting
  6092 | D:7      | Reached skill level 5 in Dodging
  6380 | D:7      | Reached * piety under Okawaru
  6398 | D:7      | HP: 3/61 [orc priest/+0 flail (1)]
  6403 | D:7      | Killed from afar by an orc priest

Illustrated notes

Levels and vault maps discovered:
D:1:      noname_arrival_rooms_in_the_neighbourhood, layout_rooms,
          shapermc_ecumenical_altar_rom_forum
D:2:      layout_basic
D:3:      layout_basic, mainiacjoe_overflow_brackets
D:4:      layout_basic, serial_bayou_pond_a
D:5:      layout_basic, cheibriados_altar_1,
          gammafunk_temple_overflow_forgotten, minmay_temple_entry_fiery,
          uniq_grinder
D:6:      layout_loops_cross, mainiacjoe_overflow_surrounded_room,
          tso_oasis_becter, nrook_loot_triangle, supply_closet_lemuel
D:7:      layout_basic, general_overflow_altar, uniq_harold, uniq_menkaure
Temple:   eino_wide_crystal_templ

Skill      XL: |  1  2  3  4  5  6  7  8 |
---------------+-------------------------+-----
Stealth        | 1 2 3 |  3.0
Fighting       | 4 5 6 7 8 |  8.0
Polearms       | 1 3 |  3.6
Shields        | 4 |  4.8
Dodging        | 5 |  5.9
Maces & Flails | |  2.0

Action                   |  1- 3 |  4- 6 |  7- 9 || total
-------------------------+-------+-------+-------++-------
Melee: Flail             |    59 |    53 |       ||   112
       Tentacles         |    12 |    12 |    17 ||    41
       Constrict         |    15 |    11 |    14 ||    40
       Punch             |     1 |     1 |     2 ||     4
       Demon trident     |       |    21 |   121 ||   142
 Stab: Sleeping          |     9 |     3 |     5 ||    17
       Distracted        |       |       |     1 ||     1
Armor: Skin              |     1 |     6 |    18 ||    25
Dodge: Dodged            |    30 |    29 |    49 ||   108
Block: Buckler           |     9 |    10 |    27 ||    46
